 Dungeon Crawl Stone Soup version 0.30-a0-782-ge64f9170bb (webtiles) character file.

Game seed: 13586344976026513437

11375 holysushi the Martial Artist (level 12, -6/79 HPs)
             Began as a Djinni Transmuter on Feb 18, 2023.
             Was an Initiate of Gozag.
             Killed from afar by a frost giant (28 damage)
             ... with a bolt of cold
             ... on level 10 of the Dungeon.
             The game lasted 00:23:40 (12011 turns).

holysushi the Martial Artist (Djinni Transmuter)   Turns: 12011, Time: 00:23:41

Health: -6/79      AC:  2    Str:  9    XL:     12   Next: 6%
Gold:   756        EV: 33    Int: 16    God:    Gozag SH:  0 Dex: 29

rFire   + . .      SeeInvis .      - Unarmed
rCold   + . .      Faith    .    (shield currently unavailable)
rNeg    . . .      Spirit   .    (body armour currently unavailable)
rPois   ∞          Reflect  .    (helmet currently unavailable)
rElec   +          Harm     .    (cloak currently unavailable)
rCorr   +          Rampage  .    (gloves currently unavailable)
Will    +....                    (boots unavailable)
Stlth   +++                      (no amulet)
HPRegen 0.33/turn                e - +6 ring of dexterity
MPRegen 0.00/turn                m - +4 ring of slaying

@: about to teleport, spider-form, resistant, flying, hasted, very quick
A: venomous fangs, flying, sickness immunity, tiny, (fire resistance 2), (cold
vulnerability 1), float, innate caster, HP casting, extra vitality 1
a: End Transformation, Renounce Religion, Potion Petition, Call Merchant, Bribe
Branch


You were on level 10 of the Dungeon.
You worshipped Gozag.
Gozag was pleased with you.
You were a venomous arachnid creature.
You visited 2 branches of the dungeon, and saw 11 of its levels.

You collected 1400 gold pieces.
You spent 130 gold pieces at shops.
You paid 514 gold pieces to Gozag.

Inventory:

Missiles
 F - a throwing net
Armour
 a - a +0 robe (melded)
 j - a +0 helmet (melded)
 l - a +0 buckler (melded)
 y - a scarf of invisibility
 z - a +0 cloak
Jewellery
 e - a +6 ring of dexterity (left front pincers)
 f - a +6 ring of dexterity
 m - a +4 ring of slaying (right front pincers)
 D - a ring of ice
 I - a ring of positive energy
 P - a ring of see invisible
Wands
 B - a wand of digging (1)
 C - a wand of paralysis (11)
 N - a wand of polymorph (3)
 O - a wand of mindburst (9)
Scrolls
 c - 4 scrolls of amnesia
 d - a scroll of noise {unknown}
 i - a scroll of silence {unknown}
 o - a scroll of blinking
 r - 5 scrolls of identify {unknown}
 s - a scroll of teleportation
 E - 2 scrolls of vulnerability {unknown}
 G - a scroll of immolation
 J - a scroll of fear {unknown}
 K - a scroll of enchant weapon {unknown}
 L - a scroll of poison
 M - 2 scrolls of enchant armour {unknown}
Potions
 b - a potion of lignification
 g - 2 potions of attraction {unknown}
 h - 5 potions of might {unknown}
 k - 3 potions of magic {unknown}
 n - a potion of ambrosia {unknown}
 p - a potion of cancellation {unknown}
 q - 2 potions of curing
 t - 2 potions of berserk rage {unknown}
 u - a potion of resistance
 v - 2 potions of haste {unknown}
 w - a potion of heal wounds
 x - 3 potions of mutation
 A - a potion of brilliance {unknown}
 H - a potion of flight {unknown}


   Skills:
 + Level 4.5 Fighting
 + Level 9.9 Dodging
 + Level 1.1 Stealth
 - Level 2.0 Shields
 - Level 13.5 Unarmed Combat
 - Level 6.0 Spellcasting


You couldn't memorise any spells.
You knew the following spells:

 Your Spells              Type           Power      Damage    Failure   Level
a - Sticky Flame          Conj/Fire      24%        2d5       28%         4
b - Wereblood             Tmut           24%        N/A       8%          2
c - Spider Form           Tmut/Pois      24%        N/A       12%         3
d - Ice Form              Ice/Tmut       24%        N/A       28%         4
e - Summon Guardian Gole  Hex/Summ       24%        N/A       12%         3
f - Call Imp              Summ           24%        N/A       8%          2
g - Beastly Appendage     Tmut           48%        N/A       5%          1
h - Summon Small Mammal   Summ           96%        N/A       5%          1
i - Tukima's Dance        Hex            24%        N/A       12%         3
Your spell library was empty.

Dungeon Overview and Level Annotations

Branches:
Dungeon (10/15) Zot: 25414  Temple (1/1) D:5 Zot: 5890
   Lair: D:8-11         Orc: D:9-12

Altars:
Ashenzari
Cheibriados
Dithmenos
Elyvilon
Fedhas
Gozag
Hepliaklqana
Makhleb
Nemelex Xobeh
Okawaru
Qazlal
Ru
Trog
Uskayaw
Wu Jian
Xom
Yredelemnul
Zin
The Shining One

Shops:
D:1 !   D:2 :   D:3 !   D:7 :

Annotations:
D:10 exclusion: door


Innate Abilities, Weirdness & Mutations

You are a venomous arachnid creature.
You have venomous fangs.
You are tiny and dextrous.
You are flying.
Your spellcasting is less reliable in this form.
Your armour is entirely melded.
You are incapable of wielding weapons or throwing items.
You are immune to sickness and miasma.
You are immune to poison.
((Your flesh is very heat resistant. (rF++)))
((You are vulnerable to cold. (rC-)))
You float through the air rather than walking.
You learn spells naturally, not from books.
Your magical power is your life essence.
You have superior vitality. (+4 MHP)


Message History

Items here: ( ))) [.
Blink to where?
Press: ? - help, Dir - move target, p - wizard
As you read the scroll of blinking, it crumbles to dust.
Some rock shatters into small pieces.
Casting: Tukima's Dance (dangerous; 12% risk of failure)
Confirm with . or Enter, or press ? or * to list all spells.
You extend your transformation's duration.
* * * LOW HITPOINT WARNING * * *
Unknown command.
Blink to where?
Press: ? - help, Dir - move target
As you read the scroll of blinking, it crumbles to dust.
As you read the scroll of teleportation, it crumbles to dust.
You feel strangely unstable.
Your surroundings suddenly seem different.
A frost giant comes into view.
It is wielding a +1 battleaxe of freezing.
The wizard mumbles some strange words.
The wizard flickers and vanishes!
Deactivating autopickup; reactivate with Ctrl-A.
Okay, then.
You feel much better.
As you read the scroll of teleportation, it crumbles to dust.
You feel strangely unstable. [a] - 460 gold - haste and resistance [b] - 250 gold - resistance [c] - 420 gold - haste and resistance Purchase which effect?
You no longer have enough gold to fund merchants seeking to open stores in the dungeon.
You feel yourself speed up.
You feel protected. The deep troll earth mage bites you.
* * * LOW HITPOINT WARNING * * *
The deep troll earth mage completely misses you. x2
Something tries to affect you, but you resist.
The frost giant casts a spell at you.
The bolt of cold hits the freezing wraith.
The freezing wraith completely resists.
The bolt of cold hits you!! You resist.
You die...
Your body crumbles into a pile of gold.

#....'..).)...#
#.......$.....#
#..........####
#..........#
###..........#
#............##
###......#..C...#
#........#...W..#
############...Ts.#
..................#
..................#
..................#
..............#####
+##########...#
..........#...#
.#######..#...#
.#.....#..#...##


You could see a frost giant, a deep troll earth mage and a freezing wraith.

Vanquished Creatures
  A centaur warrior (D:10)
  4 two-headed ogres
  A wizard (D:9)
  Pikel (D:4)
  A deep elf pyromancer (D:10)
  A komodo dragon (D:10)
  A hornet (D:9)
  3 shadows
  3 wyverns
  A vampire (D:9)
  7 yaks
  A hog (shapeshifter) (D:9)
  A wraith (D:10)
  4 steam dragons
  A vampire mosquito (D:9)
  An acid dragon (D:10)
  An orc warrior (D:10)
  A black bear (D:6)
  An ice beast (D:7)
  An ogre (D:5)
  6 centaurs
  A lemure (D:4)
  2 kobold brigands
  3 necrophages
  A scorpion (D:4)
  6 bullfrogs
  2 gnoll sergeants (D:7)
  5 wights
  7 killer bees
  3 howler monkeys
  3 jellies
  A hound (D:5)
  An orc priest (D:7)
  2 iguanas
  6 orc wizards
  6 adders
  18 gnolls
  3 white imps
  A howler monkey simulacrum (D:10)
  19 orcs
  5 ball pythons
  7 endoplasms
  A giant cockroach (D:4)
  6 goblins
  2 hobgoblins (D:4)
  5 jackals
  7 quokkas
  4 bats
  A frilled lizard (D:1)
  11 kobolds
  2 rats
183 creatures vanquished.

Vanquished Creatures (collateral kills)
  A tengu warrior (D:10)
1 creature vanquished.

Vanquished Creatures (others)
  A plant (D:9)
1 creature vanquished.

Grand Total: 185 creatures vanquished

Notes
Turn   | Place    | Note
-------+----------+-------------------------------------------
     0 | D:1      | holysushi the Djinni Transmuter began the quest for the
                  | Orb.
     0 | D:1      | holysushi set off with the following spells memorised:
                  | Beastly Appendage, Wereblood, Spider Form, Ice Form.
     0 | D:1      | Reached XP level 1. HP: 17/17 MP: 0/0
   153 | D:1      | Found Ereimaogg's Distillery.
   428 | D:1      | Reached XP level 2. HP: 19/22 MP: 0/0
   446 | D:1      | Found a faded altar of an unknown god.
   935 | D:2      | Found Caisih's Book Shoppe.
  1000 | D:2      | Reached XP level 3. HP: 10/27 MP: 0/0
  1000 | D:2      | Learned a level 1 spell: Summon Small Mammal
  1241 | D:2      | Reached skill level 4 in Unarmed Combat
  1789 | D:3      | Reached XP level 4. HP: 32/32 MP: 0/0
  2369 | D:3      | Found Omyroajy's Distillery.
  2377 | D:3      | Bought a potion of heal wounds for 50 gold pieces
  2377 | D:3      | Bought a potion of mutation for 80 gold pieces
  2877 | D:4      | Noticed a scorpion
  2977 | D:4      | Reached skill level 1 in Shields
  3161 | D:4      | Reached XP level 5. HP: 37/37 MP: 0/0
  3161 | D:4      | Learned a level 2 spell: Call Imp
  3699 | D:4      | Found an ornate altar of the Wu Jian Council.
  3897 | D:4      | Found a glowing silver altar of Zin.
  4014 | D:4      | Identified the +1 chain mail "Efouniuc" {Contam Will+
                  | Str+3}
  4116 | D:5      | Entered Level 5 of the Dungeon
  4116 | D:5      | Noticed a lemure
  4137 | D:4      | Killed a lemure
  4347 | D:4      | Reached skill level 5 in Unarmed Combat
  4347 | D:4      | Reached XP level 6. HP: 28/42 MP: 0/0
  4407 | D:5      | Noticed Pikel
  4423 | D:4      | Killed Pikel
  4424 | D:4      | Reached skill level 6 in Unarmed Combat
  4424 | D:4      | Reached XP level 7. HP: 46/47 MP: 0/0
  4424 | D:4      | Learned a level 3 spell: Tukima's Dance
  4511 | D:5      | Reached XP level 8. HP: 45/52 MP: 0/0
  4659 | D:5      | Reached skill level 5 in Dodging
  4659 | D:5      | Reached skill level 7 in Unarmed Combat
  4950 | D:5      | Found a staircase to the Ecumenical Temple.
  4979 | Temple   | Entered the Ecumenical Temple
  5167 | D:4      | Found an opulent altar of Gozag.
  5201 | D:4      | Became a worshipper of Gozag Ym Sagoz the Greedy
  5521 | D:6      | Reached skill level 8 in Unarmed Combat
  5777 | D:6      | Reached XP level 9. HP: 16/57 MP: 0/0
  5777 | D:6      | Learned a level 3 spell: Summon Guardian Golem
  6026 | D:6      | Reached skill level 9 in Unarmed Combat
  6214 | D:6      | Found a broken altar of Ashenzari.
  7481 | D:7      | Found Vemyrops's Book Shop.
  8118 | D:8      | Reached skill level 10 in Unarmed Combat
  8470 | D:8      | Reached XP level 10. HP: 62/62 MP: 0/0
  9285 | D:9      | Reached skill level 11 in Unarmed Combat
  9489 | D:9      | Noticed a two-headed ogre
  9503 | D:9      | Killed a two-headed ogre
  9504 | D:9      | Reached skill level 5 in Spellcasting
  9563 | D:9      | Noticed a two-headed ogre
  9573 | D:9      | Killed a two-headed ogre
  9574 | D:9      | Reached skill level 12 in Unarmed Combat
  9816 | D:9      | Noticed a wizard
  9832 | D:9      | Killed a wizard
  9833 | D:9      | Reached XP level 11. HP: 41/70 MP: 0/0
  9833 | D:9      | Learned a level 4 spell: Sticky Flame
 10265 | D:9      | Found an iron altar of Okawaru.
 10266 | D:9      | Found a sparkling altar of Nemelex Xobeh.
 10268 | D:9      | Found a snail-covered altar of Cheibriados.
 10268 | D:9      | Found a shimmering altar of Xom.
 10401 | D:10     | Entered Level 10 of the Dungeon
 10628 | D:10     | Noticed a deep elf pyromancer
 10642 | D:10     | Killed a deep elf pyromancer
 10643 | D:10     | Reached skill level 13 in Unarmed Combat
 10694 | D:10     | Noticed an ogre mage
 10994 | D:10     | Reached skill level 1 in Stealth
 11638 | D:10     | Noticed a two-headed ogre
 11649 | D:10     | Killed a two-headed ogre
 11717 | D:10     | Noticed a two-headed ogre
 11720 | D:10     | Noticed a centaur warrior
 11733 | D:10     | Killed a two-headed ogre
 11740 | D:10     | Killed a centaur warrior
 11927 | D:10     | Reached XP level 12. HP: 62/78 MP: 0/0
 11976 | D:10     | Noticed a tengu warrior
 11986 | D:10     | Killed a tengu warrior
 11991 | D:10     | Noticed a deep troll earth mage
 12008 | D:10     | Noticed a frost giant
 12011 | D:10     | Killed from afar by a frost giant

Illustrated notes

Levels and vault maps discovered:
D:1:      noname_arrival_rooms_in_the_neighbourhood, layout_basic,
          dreamdust_ecumenical_altar_angels_and_demons, serial_shops,
          nicolae_shop_competitors_out_of_business
D:2:      layout_loops_cross, serial_shops, shop_fountains
D:3:      layout_loops_corners, serial_shops, shop
D:4:      layout_gridville, pdpol_temple_overflow_zin_treasury_gozag_greed,
          mainiacjoe_overflow_paths, minivault_23, grunt_decor_one_mirror
D:5:      layout_basic, minmay_temple_entry_junction, uniq_pikel
D:6:      cheibrodos_steamvent, layout_rooms, nicolae_ashenzari_panopticon
D:7:      layout_basic, serial_shops, kennysheep_mini_moat
D:8:      layout_loops_corners
D:9:      nzn_winding_woodlands_small [nzn_winding_woodlands_5x15_eye,
          nzn_winding_woodlands_center_lodge,
          nzn_winding_woodlands_5x15_jagged], layout_loops_ring,
          mainiacjoe_overflow_alcove_3
D:10:     layout_irregular_city, nicolae_rejected_hall
Temple:   jpeg_temple_clearing

Skill      XL: |  1  2  3  4  5  6  7  8  9 10 11 |
---------------+----------------------------------+-----
Unarmed Combat | 4 5 6 8 10 12 13 | 13.5
Dodging        | 3 4 6 7 9 |  9.9
Shields        | 1 2 |  2.0
Spellcasting   | 2 3 4 5 6 |  6.0
Fighting       | 2 4 |  4.5
Stealth        | 1 |  1.1

Action                     |  1- 3 |  4- 6 |  7- 9 | 10-12 || total
---------------------------+-------+-------+-------+-------++-------
  Melee: Unarmed           |    71 |    97 |   216 |   232 ||   616
         Headbutt          |     3 |     1 |       |       ||     4
   Cast: Beastly Appendage |     8 |     5 |       |       ||    13
         Wereblood         |     3 |       |       |     1 ||     4
         Spider Form       |     1 |    12 |    36 |    30 ||    79
         Ice Form          |       |       |     1 |     4 ||     5
         Summon Guardian G |       |       |       |     1 ||     1
         Tukima's Dance    |       |       |       |     4 ||     4
 Invoke: Potion Petition   |       |       |       |     1 ||     1
Ability: End Transformatio |       |       |     1 |     1 ||     2
    Use: Scroll            |       |     7 |       |     5 ||    12
         Potion            |       |       |       |     1 ||     1
   Stab: Sleeping          |     7 |     2 |     4 |       ||    13
         Distracted        |       |       |       |     1 ||     1
 Armour: Robe              |     8 |     4 |       |     4 ||    16
         Skin              |       |     2 |     3 |     5 ||    10
  Dodge: Dodged            |    35 |    74 |   189 |   227 ||   525
  Block: Buckler           |     1 |     9 |     4 |     4 ||    18

Table legend: (Time is in decaauts)
 A = Elapsed time spent in this place.
 B = Non-inter-level travel time spent in this place.
 C = Inter-level travel time spent in this place.
 D = Time resting spent in this place.
 E = Time spent auto-exploring this place.
 F = Levels seen in this place.
 G = Mean time per level.
                   A        B        C        D        E       F      G
               +--------+--------+--------+--------+--------+-----+--------+
         Total |  11921 |  11325 |    596 |   2966 |   5671 |  11 | 1083.7 |
       Dungeon |  11811 |  11229 |    582 |   2966 |   5589 |  10 | 1181.1 |
        Temple |    109 |     95 |     14 |      0 |     82 |   1 |  109.0 |
               +--------+--------+--------+--------+--------+-----+--------+

Top non-repeatable levels by time:
     D:9: 1836 daAuts
     D:4: 1822 daAuts
     D:8: 1268 daAuts
     D:7: 1238 daAuts
    D:10: 1074 daAuts
     D:3: 1049 daAuts
     D:6: 1035 daAuts
     D:2: 906 daAuts
     D:5: 813 daAuts
     D:1: 766 daAuts
  Temple: 109 daAuts
